Selects Luftwaffe Battlegroup
Selects Fallschirmpioneer Squad Paradrop
Fallschirmpioneer Squad Paradrop
Construct Infanterie Kompanie
Fallschirmpioneer Squad Paradrop
Construct Panzergrenadier Kompanie
Selects Stuka Strafing Run
Selects Fallschirmjäger Squad Paradrop
Nebelwerfer 42 Rocket Launcher Team
Construct Luftwaffe Kompanie
Panzergrenadier Officer Quarters
Luftwaffe Officer Quarters
Infanterie Officer Quarters
Fallschirmjäger Squad Paradrop
Marder III M Tank Destroyer
Selects Luftwaffe Combat Group
Selects Flak 36 Anti-tank Gun Emplacement
Construct Panzer Kompanie
Flak 30 Anti-aircraft Gun Team
Fallschirmpioneer Squad Paradrop
Pak 40 Anti-tank Gun Team